Map: Jagannatha LE

Players

Astrea - Winner!

  • Race: Protoss Protoss
  • League: Master

Nina

  • Race: Protoss Protoss
  • League: Grandmaster

Event: DreamHack SC2 Masters 2021 Summer

VOD

Have the link to the VOD?

Description

Time

  • Played on: May 29, 2021, 3:31 p.m.
  • Length: 13:21

All games in this series

Show
View Real Time Build Order
Export as new Build Order

Astrea Protoss - Winner!

Build Orders: Phoenix Opening 

Get SALT Encoding   

  12  0:00  Probe  
  13  0:12  Probe  
  14  0:17  Pylon  
  14  0:24  Probe (Chrono Boost)  
  15  0:36  Probe (Chrono Boost), Gateway  
  16  0:44  Probe (Chrono Boost)  
  16  0:45  Assimilator  
  17  0:51  Probe  
  17  0:55  Assimilator  
  18  1:03  Probe (Chrono Boost)  
  19  1:07  Gateway  
  19  1:12  Probe (Chrono Boost)  
  19  1:17  Probe (Chrono Boost)  
  20  1:24  Cybernetics Core  
  21  1:29  Probe  
  22  1:37  Pylon  
  22  1:41  Probe  
  23  1:55  Probe  
  23  1:59  Warp Gate (Chrono Boost)  
  24  2:01  Stalker  
  24  2:02  Sentry  
  24  2:07  Probe  
  29  2:13  Pylon  
  29  2:19  Probe  
  30  2:24  Pylon  
  30  2:31  Probe  
  30  2:32  Stalker  
  30  2:33  Sentry  
  30  2:36  Phoenix  
  35  2:43  Probe  
  36  2:57  Nexus  
  36  3:03  Pylon  
  36  3:06  Probe  
  36  3:10  Sentry  
  38  3:19  Probe  
  39  3:24  Twilight Council  
  39  3:31  Probe (Chrono Boost)  
  40  3:38  Forge  
  40  3:44  Probe (Chrono Boost)  
  41  3:49  Probe (Chrono Boost)  
  42  3:58  Probe  
  42  4:00  Phoenix  
  42  4:01  Blink  
  43  4:08  Protoss Ground Weapons Level 1 (Chrono Boost)  
  43  4:09  Stalker  
  45  4:10  Probe (Chrono Boost)  
  45  4:15  Probe (Chrono Boost)  
  47  4:20  Probe (Chrono Boost)  
  49  4:24  Probe (Chrono Boost)  
  49  4:25  Probe (Chrono Boost)  
  49  4:27  Phoenix  
  50  4:34  Probe, Nexus  
  50  4:37  Probe  
  52  4:43  Robotics Facility  
  52  4:46  Probe  
  52  4:47  Assimilator  
  52  4:49  Probe  
  52  4:50  Pylon  
  54  4:58  Probe  
  55  5:00  Gateway  
  55  5:01  Probe  
  55  5:02  Gateway  
  56  5:10  Probe  
  56  5:13  Probe  
  58  5:18  Stalker x2  
  62  5:22  Probe, Shield Battery  
  62  5:25  Probe  
  62  5:26  Pylon  
  64  5:30  Observer (Chrono Boost)  
  64  5:35  Probe  
  66  5:38  Probe, Pylon  
  66  5:41  Stalker  
  69  5:43  Observer (Chrono Boost)  
  69  5:44  Stalker  
  69  5:46  Probe (Chrono Boost)  
  74  5:51  Probe (Chrono Boost)  
  74  5:55  Probe (Chrono Boost)  
  74  5:57  Stalker x2  
  80  5:58  Probe (Chrono Boost)  
  80  6:02  Probe (Chrono Boost)  
  80  6:03  Probe x2 (Chrono Boost)  
  82  6:09  Stalker x2  
  82  6:10  Protoss Ground Weapons Level 2 (Chrono Boost)  
  82  6:11  Probe, Charge  
  88  6:13  Probe  
  88  6:14  Probe  
  90  6:23  Probe  
  90  6:24  Stalker  
  93  6:25  Assimilator  
  93  6:26  Pylon  
  93  6:27  Stalker  
  95  6:35  Probe  
  95  6:37  Observer  
  96  6:40  Probe  
  96  6:42  Stalker x2  
  96  6:44  Probe  
  102  6:47  Pylon  
  102  6:49  Phoenix  
  102  6:53  Probe  
  103  6:59  Warp Prism  
  106  7:03  Gateway  
  106  7:05  Gateway  
  106  7:07  Templar Archives  
  108  7:09  Gateway  
  108  7:11  Nexus  
  108  7:12  Gateway  
  108  7:14  Observer  
  105  7:26  Gateway x2  
  105  7:29  Pylon  
  105  7:30  Zealot x4  
  105  7:36  Shield Battery  
  117  7:44  Immortal  
  117  7:48  Pylon  
  117  7:50  Pylon  
  117  8:03  Probe x3  
  117  8:04  High Templar x2  
  124  8:08  Pylon  
  124  8:09  Pylon, Zealot x4, Protoss Ground Weapons Level 3 (Chrono Boost)  
  131  8:12  Archon  
  131  8:15  Probe x3  
  134  8:20  Stalker  
  134  8:21  Stalker x2  
  134  8:23  Photon Cannon  
  140  8:27  Probe x2  
  140  8:28  Probe x2  
  140  8:29  Zealot  
  146  8:39  High Templar x2  
  146  8:40  Zealot x4  
  158  8:41  Pylon  
  158  8:43  Archon  
  158  8:47  Assimilator  
  158  8:48  Photon Cannon  
  158  8:49  Photon Cannon  
  158  8:54  Photon Cannon  
  158  8:58  Zealot x4  
  166  9:02  Zealot  
  166  9:03  Zealot  
  166  9:05  High Templar  
  166  9:06  High Templar  
  166  9:09  Warp Prism (Chrono Boost)  
  174  9:13  Assimilator  
  176  9:25  Archon  
  172  9:35  Zealot x4  
  176  9:40  Zealot x2  
  175  9:49  Zealot x4  
  167  9:58  Probe x4  
  167  9:59  Assimilator  
  153  10:01  Zealot x4  
  153  10:02  Zealot x2  
  153  10:06  Assimilator  
  165  10:10  Probe x4  
  165  10:12  Robotics Bay  
  165  10:13  Robotics Facility  
  169  10:16  Robotics Facility  
  169  10:20  Photon Cannon  
  169  10:22  Probe, Shield Battery  
  170  10:47  Observer (Chrono Boost)  
  170  10:50  Protoss Shields Level 1 (Chrono Boost)  
  170  10:55  Gravitic Boosters  
  170  11:01  Disruptor x2 (Chrono Boost)  
  170  11:04  Nexus  
  176  11:07  Disruptor (Chrono Boost)  
  179  11:15  Pylon  
  179  11:16  Pylon  
  179  11:17  Pylon  
  179  11:18  Photon Cannon  
  179  11:19  Pylon  
  179  11:20  Photon Cannon, Dark Shrine  
  179  11:23  Gateway  
  179  11:24  Photon Cannon  
  179  11:25  Gateway  
  179  11:27  Photon Cannon  
  179  11:28  Pylon  
  179  11:29  Assimilator  
  179  11:30  Disruptor (Chrono Boost)  
  179  11:31  Disruptor (Chrono Boost)  
  179  11:32  Pylon  
  179  11:35  Assimilator  
  188  11:42  Observer (Chrono Boost)  
  188  11:45  Stalker x7  
  198  11:54  Photon Cannon  
  198  11:56  Photon Cannon  
  198  11:57  Gravitic Drive (Chrono Boost)  
  198  11:59  Shield Battery  
  198  12:01  Photon Cannon, Warp Prism  
  198  12:05  Pylon  
  191  12:30  Disruptor x2  
  189  12:37  Disruptor  
  160  12:52  Stalker x12  
  181  13:15  Stalker x9  
Show
View Real Time Build Order
Export as new Build Order

Nina Protoss 

Build Orders: Phoenix Opening 

Get SALT Encoding   

  12  0:00  Probe  
  13  0:12  Probe  
  14  0:18  Pylon  
  14  0:24  Probe  
  15  0:36  Gateway  
  15  0:38  Probe (Chrono Boost)  
  16  0:47  Probe (Chrono Boost)  
  17  0:51  Assimilator  
  17  0:52  Probe (Chrono Boost)  
  18  0:57  Assimilator  
  18  1:04  Probe (Chrono Boost)  
  19  1:13  Gateway  
  19  1:16  Probe (Chrono Boost)  
  20  1:22  Probe (Chrono Boost)  
  21  1:27  Cybernetics Core  
  21  1:32  Probe  
  22  1:37  Pylon  
  22  1:44  Probe  
  23  1:56  Probe  
  24  2:03  Stalker  
  24  2:04  Stalker  
  28  2:09  Probe  
  28  2:12  Warp Gate  
  29  2:17  Pylon  
  29  2:21  Probe  
  30  2:33  Probe  
  31  2:43  Sentry  
  33  2:47  Nexus  
  33  2:52  Stalker  
  35  3:04  Probe  
  35  3:05  Pylon  
  36  3:11  Shield Battery  
  36  3:18  Probe  
  37  3:20  Shield Battery  
  37  3:25  Phoenix  
  37  3:30  Probe  
  37  3:31  Twilight Council  
  37  3:33  Forge  
  38  3:42  Probe (Chrono Boost)  
  39  3:54  Probe (Chrono Boost)  
  40  3:59  Probe (Chrono Boost)  
  40  4:01  Probe (Chrono Boost), Adept  
  44  4:03  Adept  
  44  4:08  Probe  
  47  4:13  Probe  
  47  4:16  Blink  
  46  4:20  Probe (Chrono Boost)  
  46  4:21  Protoss Ground Weapons Level 1 (Chrono Boost)  
  47  4:25  Probe (Chrono Boost)  
  49  4:32  Sentry  
  49  4:33  Probe (Chrono Boost)  
  49  4:35  Stalker  
  49  4:36  Probe (Chrono Boost)  
  54  4:41  Pylon  
  54  4:51  Nexus  
  54  4:55  Pylon  
  54  4:59  Probe x2  
  56  5:05  Gateway  
  56  5:06  Stalker  
  58  5:10  Stalker  
  60  5:14  Probe  
  60  5:15  Assimilator  
  60  5:20  Robotics Facility  
  61  5:23  Probe  
  61  5:26  Gateway  
  62  5:30  Sentry  
  62  5:32  Shield Battery  
  64  5:36  Gateway  
  64  5:40  Gateway  
  64  5:45  Gateway  
  64  5:47  Probe  
  65  5:51  Stalker  
  65  5:55  Stalker  
  69  5:57  Probe  
  69  6:04  Pylon  
  70  6:07  Probe (Chrono Boost)  
  70  6:08  Probe (Chrono Boost), Pylon  
  70  6:10  Probe (Chrono Boost)  
  73  6:13  Sentry  
  73  6:16  Observer (Chrono Boost)  
  76  6:20  Probe (Chrono Boost)  
  76  6:21  Stalker  
  76  6:22  Probe (Chrono Boost)  
  76  6:23  Stalker  
  76  6:25  Probe (Chrono Boost)  
  83  6:27  Probe x2 (Chrono Boost)  
  83  6:31  Probe (Chrono Boost)  
  86  6:34  Probe, Charge  
  86  6:36  Probe  
  87  6:41  Stalker  
  87  6:43  Probe, Stalker  
  87  6:46  Probe  
  89  6:57  Stalker x2  
  89  6:58  Pylon  
  93  7:01  Pylon  
  93  7:04  Observer (Chrono Boost)  
  93  7:07  Pylon  
  94  7:08  Zealot  
  94  7:11  Stalker  
  94  7:12  Protoss Ground Weapons Level 2 (Chrono Boost), Zealot  
  100  7:17  Gateway  
  100  7:18  Warp Prism (Chrono Boost)  
  100  7:21  Gateway  
  102  7:29  Zealot x5  
  112  7:31  Probe  
  112  7:33  Probe  
  114  7:40  Gateway  
  114  7:42  Assimilator  
  114  7:43  Assimilator  
  114  7:44  Pylon  
  114  7:45  Probe x2  
  116  7:56  Zealot x3  
  116  7:57  Zealot  
  124  8:00  Pylon  
  124  8:03  Photon Cannon  
  124  8:12  Nexus  
  124  8:20  Shield Battery  
  124  8:21  Robotics Bay  
  124  8:24  Zealot x5  
  134  8:31  Zealot x2, Assimilator  
  134  8:33  Stalker  
  140  8:36  Probe  
  140  8:40  Photon Cannon  
  140  8:41  Pylon  
  141  8:50  Robotics Facility  
  141  8:51  Robotics Facility  
  141  8:57  Observer (Chrono Boost)  
  141  8:59  Probe  
  141  9:00  Photon Cannon, Pylon  
  141  9:01  Pylon  
  143  9:03  Pylon  
  143  9:08  Probe  
  144  9:13  Probe, Disruptor (Chrono Boost)  
  146  9:30  Zealot x8  
  156  9:38  Stalker x2  
  157  9:46  Disruptor (Chrono Boost)  
  157  9:49  Disruptor (Chrono Boost)  
  137  9:53  Zealot x5  
  137  9:56  Probe  
  124  10:01  Disruptor  
  124  10:03  Probe x2  
  117  10:08  Probe  
  117  10:14  Photon Cannon  
  118  10:15  Probe x2, Disruptor  
  118  10:20  Disruptor  
  124  10:22  Zealot  
  126  10:33  Zealot  
  126  10:34  Zealot x3  
  134  10:37  Disruptor  
  134  10:39  Zealot  
  136  10:43  Zealot  
  136  10:53  Photon Cannon  
  136  10:57  Photon Cannon  
  136  11:02  Observer  
  137  11:07  Templar Archives  
  137  11:09  Probe x2  
  139  11:18  Probe  
  140  11:23  Observer, Nexus  
  140  11:25  Pylon  
  141  11:28  Disruptor  
  141  11:32  Probe, Pylon  
  145  11:40  Observer  
  145  11:43  High Templar x7  
  159  11:48  Archon x3  
  159  11:49  Shield Battery  
  159  11:50  High Templar  
  159  11:53  Photon Cannon, Zealot  
  162  11:58  Archon  
  162  12:01  Probe  
  163  12:04  Photon Cannon  
  163  12:06  Disruptor  
  166  12:09  Warp Prism  
  150  12:30  Stalker x3  
  150  12:34  Disruptor  
  140  12:45  Probe  
  140  12:47  Zealot  
  140  12:48  Zealot x4  
  145  12:56  Zealot x5  
  84  13:17  Stalker x4  
Tags
 
Add a new tag
Caveats
  • Supply blocks, unpowered buildings, or Contaminate may cause inaccurate times.
  • Supply counts are checked every 10 seconds.